 Dungeon Crawl Stone Soup version 0.24-a0-513-g284f782df5 (webtiles) character file.

Game seed: 15368964247013963330

231 Lavandula the Scratcher (level 5, -3/22 HPs)
             Began as a Felid Warper on July 21, 2019.
             Killed by divine providence
             ... invoked by an orc priest
              (11 damage)
             ... on level 6 of the Dungeon.
             The game lasted 00:08:19 (3696 turns).

Lavandula the Scratcher (Felid Warper)              Turns: 3696, Time: 00:08:20

Health: -3/22      AC:  1    Str:  8    XL:     5   Next: 72%
Magic:  8/9        EV: 19    Int: 15    God:
Gold:   171        SH:  0    Dex: 15    Spells: 0/8 levels left
                                        Lives:  0   Deaths: 1

rFire    . . .     SeeInvis +     - Unarmed
rCold    . . .     Gourm    .   (shield unavailable)
rNeg     + . .     Faith    .   (armour unavailable)
rPois    .         Spirit   .   (helmet unavailable)
rElec    .         Reflect  .   (cloak unavailable)
rCorr    .         Harm     .   (gloves unavailable)
MR       .....                  (boots unavailable)
Stlth    ++........             (no amulet)
HPRegen  0.07/turn              k - ring of positive energy
MPRegen  0.11/turn              (no ring)

@: shrouded (expiring), quick
A: very small, no armour, no weapons or thrown items, stealth, claws 1, fangs 3,
see invisible, carnivore, speed 1, shaggy fur 1, slow metabolism 1, sharp paws
a: no special abilities


You were on level 6 of the Dungeon.
You were very full.

You visited 1 branch of the dungeon, and saw 6 of its levels.

You collected 171 gold pieces.

Inventory:

Jewellery
 k - a ring of positive energy (left paw)
Scrolls
 e - 2 scrolls of magic mapping
 g - a scroll of immolation
 h - a scroll of enchant weapon {unknown}
 j - a scroll of teleportation {unknown}
 m - a scroll of remove curse {unknown}
Potions
 d - 2 potions of curing
 f - a potion of heal wounds
 i - a potion of flight
Comestibles
 c - 5 rations


   Skills:
 - Level 2.2 Fighting
 - Level 4.0 Dodging
 - Level 1.2 Stealth
 + Level 6.0 Unarmed Combat
 - Level 2.3 Spellcasting
 - Level 4.7 Translocations


You couldn't memorise any spells.
You knew the following spells:

 Your Spells              Type           Power        Failure   Level  Hunger
a - Blink                 Tloc           N/A          4%          2    ###....
b - Shroud of Golubria    Chrm/Tloc      #.....       12%         2    ###....
c - Passage of Golubria   Tloc           N/A          30%         4    #####..

Your spell library contained the following spells:

 Spells                   Type           Power        Failure   Level  Hunger
 Gell's Gravitas          Tloc           ###.......   10%         3    ###....
 Lesser Beckoning         Tloc           ###.......   10%         3    ###....
 Teleport Other           Tloc           ###.....     10%         3    ###....


Dungeon Overview and Level Annotations

Branches:
Dungeon (7/15)
 Temple: D:4-7

Altars:
Nemelex Xobeh

Annotations:
D:3 Sigmund
D:6 Grinder


Innate Abilities, Weirdness & Mutations

You cannot wear armour.
You are incapable of wielding weapons or throwing items.
Your paws allow you to move quietly. (Stealth)
You have sharp claws.
You have razor-sharp teeth.
You have supernaturally acute eyesight. (SInv)
You are carnivorous and can eat meat at any time.
You cover ground quickly.
You are covered in fur. (AC +1)
You have a slow metabolism.
Your sharp claws are effective at attacking unaware monsters.


Message History

Your shroud begins to fray at the edges.
The orc priest misses you.
Your shroud bends the orc's attack away.
You scratch the orc priest.
The orc priest is severely wounded.
The orc priest closely misses you. The orc barely misses you.
You barely miss the orc priest.
The orc priest is severely wounded.
The orc priest mumbles some strange prayers to Beogh against you.
Beogh smites you!
Ouch! That really hurt!
Things that are here:
a +0 dagger; a +0 robe You barely miss the orc.
The orc closely misses you.
You claw the orc!
You kill the orc!
The orc priest calls down the wrath of Beogh upon you.
Beogh smites you!
Ouch! That really hurt!
You die...

##..### ...< #..#..# ....
########### #.#...# ...#
#.......... #...#รท# #..#
##+#.####..... ##.#.## #..#
#>...# #..... #.#...#
#..###....# ###### #...#.#
#o...'....# #
#..#..###)####[...# #
####..##...@.......# #
#.##.###...........#
#.##..##..........##########
#...#..'....................
###.####.......#############
#>....#'###### ########.#.#
#.....##.#.# #.###.##.#.#


You could see an orc priest.

Vanquished Creatures
  A centaur (D:6)
  2 bullfrogs (D:6)
  An orc wizard (D:6)
  A bullfrog skeleton (D:6)
  A gnoll (D:5)
  An adder (D:3)
  A shadow imp (D:6)
  2 worms (D:2)
  A dart slug (D:2)
  3 leopard geckos
  2 orcs
  4 ball pythons (D:1)
  A giant cockroach (D:2)
  5 goblins
  A hobgoblin (D:1)
  2 jackals (D:1)
  5 kobolds
  A quokka (D:6)
  8 bats
  3 frilled lizards (D:1)
  5 rats
51 creatures vanquished.

Notes
Turn   | Place    | Note
-------+----------+-------------------------------------------
     0 | D:1      | Lavandula the Felid Warper began the quest for the Orb.
     0 | D:1      | Reached XP level 1. HP: 9/9 MP: 4/4
   185 | D:1      | Reached XP level 2. HP: 12/13 MP: 6/6
   748 | D:1      | Learned a level 2 spell: Blink
   751 | D:1      | Learned a level 2 spell: Shroud of Golubria
   792 | D:1      | Reached XP level 3. HP: 16/16 MP: 7/7
  1462 | D:2      | Reached skill level 3 in Unarmed Combat
  2404 | D:3      | Noticed Sigmund
  2405 | D:3      | You fall into a shaft and drop 3 floors!
  2418 | D:6      | Reached skill level 1 in Stealth
  2418 | D:6      | Reached XP level 4. HP: 14/19 MP: 6/8
  2503 | D:6      | Noticed a phantom
  2517 | D:5      | Entered Level 5 of the Dungeon
  2949 | D:6      | Noticed a bullfrog
  2967 | D:6      | Killed a bullfrog
  2967 | D:6      | Reached skill level 4 in Unarmed Combat
  2967 | D:6      | Reached XP level 5. HP: 4/22 MP: 5/9
  3051 | D:6      | Noticed a centaur
  3251 | D:7      | Learned a level 4 spell: Passage of Golubria
  3259 | D:7      | Noticed a sky beast
  3473 | D:6      | Noticed Grinder
  3494 | D:6      | Killed a centaur
  3494 | D:6      | Reached skill level 5 in Unarmed Combat
  3499 | D:6      | Paralysed by Grinder for 6 turns
  3501 | D:6      | Slain by a wyvern skeleton
  3502 | D:6      | Reached XP level 4. HP: -4/19 MP: 8/8
  3610 | D:6      | Noticed a bullfrog
  3619 | D:6      | Killed a bullfrog
  3619 | D:6      | Reached XP level 5. HP: 17/22 MP: 6/9
  3620 | D:6      | Found a sparkling altar of Nemelex Xobeh.
  3688 | D:6      | Reached skill level 6 in Unarmed Combat
  3696 | D:6      | Killed from afar by an orc priest

Levels and vault maps discovered:
D:1:      dpeg_arrival_pits, layout_loops_corners, serial_forest,
          infiniplex_forest_corner_1, infiniplex_forest_clump_double,
          infiniplex_forest_corner_2, infiniplex_forest_straight_2,
          infiniplex_forest_lined_room_3, infiniplex_forest_corner_1,
          infiniplex_forest_clump_small, infiniplex_forest_diagonal,
          dk_noncrumbling_3
D:2:      layout_basic
D:3:      minmay_chambers_of_threes, layout_loops_ring,
          lemuel_coloured_pillars_altar, uniq_sigmund
D:5:      layout_gridville, first_ration
D:6:      layout_basic, marbit_many_paths, uniq_grinder
D:7:      layout_basic, ashenzari_altar_1, lemuel_temple_firewalk_b,
          yredelemnul_altar_generic, uniq_menkaure

Skill      XL: |  1  2  3  4  5 |
---------------+----------------+-----
Unarmed Combat | 3 4 6 |  6.0
Dodging        | 4 |  4.0
Stealth        | 1 |  1.2
Fighting       | |  2.2
Spellcasting   | |  2.3
Translocations | |  4.7

Action                   |  1- 3 |  4- 6 || total
-------------------------+-------+-------++-------
Melee: Unarmed           |   151 |    68 ||   219
       Bite              |    11 |     6 ||    17
 Cast: Shroud of Golubri |     4 |     7 ||    11
       Blink             |       |     6 ||     6
  Use: Potion            |       |     2 ||     2
       Scroll            |       |     6 ||     6
 Stab: Sleeping          |     5 |     1 ||     6
  Eat: Chunk             |    10 |     5 ||    15
Armor: Skin              |    11 |     1 ||    12
Dodge: Dodged            |   134 |    72 ||   206

Table legend:
 A = Non-vault XP
 B = Vault XP
 C = Vault XP percentage of total XP
 D = Non-vault monster count
 E = Vault monster count
 F = Vault count percentage of total count
                 A         B        C        D         E       F
            +---------+---------+-------+---------+---------+-------
      Total |     415 |      90 |  17.8 |      50 |       1 |   2.0
            +---------+---------+-------+---------+---------+-------
        D:1 |      44 |       0 |   0.0 |      26 |       0 |   0.0
        D:2 |      27 |       0 |   0.0 |      10 |       0 |   0.0
        D:3 |      21 |       0 |   0.0 |       6 |       0 |   0.0
        D:5 |      14 |       0 |   0.0 |       1 |       0 |   0.0
        D:6 |     309 |      90 |  22.6 |       7 |       1 |  12.5
            +---------+---------+-------+---------+---------+-------
